cohdb
Replays
Latest Replays
All Replays
Popular Replays
Top Player Replays
Match Explorer
How It Works
Community
CoH3 Stats
Reddit
Sign in to upload your games and track your stats! →
Sign in with Steam
Match 46343479
Unlisted
Match 46343479
Overview
Messages
Build Orders
End
Kradschützen Motorcycle Team
Selects Italian Combined Arms Battlegroup
Selects Bersaglieri Squad
Bersaglieri Squad
Bersaglieri Squad
Construct Light Support Kompanie
Bersaglieri Squad
Selects Bersaglieri Bolster
Fire Support Elements
Flakvierling Half-track
Panzerjäger Mechanized Group
Selects Breda Model 30 Light Machine Guns
Flakvierling Half-track
Vehicle Survival Package
Selects Semovente da 75/18 Assault Gun
Construct Mechanized Kompanie
Selects Strafing Run
Panzerjäger Mechanized Group
Selects Pact of Steel
Marder III Tank Destroyer
Marder III Tank Destroyer
Marder III Tank Destroyer
T.R. Olvadi
Nico-Nico-Nii~~
Ra11
aSIIDemolitionHammer
0
0
Comments
sign in to comment!
No comments posted yet!